PUB
REDWOOD PIONEERS @ HARLEM HELLIONS
06/15/1972
 
TOP OF THE 1ST
Redwood Pioneers batting - Pitching for Harlem Hellions : RHP Morgan Rebholz
Pitching: RHP Morgan Rebholz
Batting: RHB Alfredo Nannini 0-0: Called Strike
0-1: Foul Ball, location: 2F
0-2: Foul Ball, location: 3FF
0-2: Hit by Pitch
Batting: RHB Yaichiro Ito 0-0: Called Strike
0-1: Ball
Alfredo Nannini is caught stealing 2nd base 2-4
1-1: Ball
2-1: Ball
3-1: Fly out, F7 (Line Drive, 7S, EV 90.0 MPH)
Batting: LHB Tomás Bernal 0-0: Ball
1-0: Called Strike
1-1: Foul Ball, location: 3F
1-2: Ball
2-2: Ground out 4-3 (Groundball, 13, EV 90.0 MPH)
Top of the 1st over - 0 runs, 0 hits, 0 errors, 0 left on base; Redwood 0 - Harlem 0
BOTTOM OF THE 1ST
Harlem Hellions batting - Pitching for Redwood Pioneers : LHP Ronnie Drake
Pitching: LHP Ronnie Drake
Batting: SHB Mark Scott 0-0: Called Strike
0-1: Ball
1-1: Ball
2-1: Foul Ball, location: 9LDF
2-2: Strikes out swinging
Batting: LHB Simon Woods 0-0: SINGLE (Flyball, 8RS, EV 96.3 MPH)
Batting: RHB Kyle García 0-0: Ball
1-0: Ball
2-0: Ball
3-0: Called Strike
3-1: SINGLE (Line Drive, 8RS, EV 104.4 MPH)
Simon Woods to second
Batting: LHB Cliff Lambert 0-0: Called Strike
Simon Woods is caught stealing 3rd base 2-5
Kyle García to second
0-1: Foul Ball, location: 3FF
0-2: Foul Ball, location: 2F
0-2: Strikes out swinging
Bottom of the 1st over - 0 runs, 2 hits, 0 errors, 1 left on base; Redwood 0 - Harlem 0
TOP OF THE 2ND
Redwood Pioneers batting - Pitching for Harlem Hellions : RHP Morgan Rebholz
Batting: RHB José Moya 0-0: Foul Ball, location: 2F
0-1: Ball
1-1: Called Strike
1-2: Foul Ball, location: 2F
1-2: Ball
2-2: Ball
3-2: Base on Balls
Batting: LHB Howard York 0-0: Ball
1-0: Swinging Strike
1-1: Ball
2-1: Fly out, F8 (Flyball, 8RXD, EV 82.5 MPH)
Batting: RHB Joe Givens 0-0: Ball
1-0: Fly out, F9 (Flyball, 9, EV 86.3 MPH)
Batting: RHB Elliott Maddox 0-0: Ball
1-0: Swinging Strike
1-1: Ball
José Moya steals 2nd base
2-1: Ground out 6-3 (Groundball, 6, EV 83.8 MPH)
Top of the 2nd over - 0 runs, 0 hits, 0 errors, 1 left on base; Redwood 0 - Harlem 0
BOTTOM OF THE 2ND
Harlem Hellions batting - Pitching for Redwood Pioneers : LHP Ronnie Drake
Batting: RHB Alberto MacKnight 0-0: SINGLE (Groundball, 4D, EV 105.0 MPH)
Batting: RHB Tim Collins 0-0: Sac Bunt to 2R - play at first, batter OUT! 2-3
Alberto MacKnight to second
Batting: RHB Jason Cole 0-0: Called Strike
0-1: Ball
1-1: Foul Ball, location: 3F
1-2: Foul Ball, location: 5SF
1-2: Foul Ball, location: 2F
1-2: Ball
2-2: Foul Ball, location: 2LF
2-2: SINGLE (Groundball, 5S, EV 66.9 MPH) (infield hit)
Alberto MacKnight to third
Batting: RHB Morgan Rebholz 0-0: DOUBLE (Line Drive, 9LM, EV 98.8 MPH)
Alberto MacKnight scores
Jason Cole to third
Batting: RHB Boyd Wallace 0-0: Called Strike
0-1: Ball
1-1: Ball
2-1: Fly out, F9 (Flyball, 9S, EV 93.1 MPH)
Batting: SHB Mark Scott 0-0: Ball
1-0: Ball
2-0: Called Strike
2-1: Foul Ball, location: 9LDF
2-2: Strikes out swinging
Bottom of the 2nd over - 1 run, 3 hits, 0 errors, 2 left on base; Redwood 0 - Harlem 1
TOP OF THE 3RD
Redwood Pioneers batting - Pitching for Harlem Hellions : RHP Morgan Rebholz
Batting: RHB Haywood Andrews 0-0: Ball
1-0: Fly out, F7 (Flyball, 7S, EV 86.3 MPH)
Batting: LHB Ronnie Drake 0-0: Called Strike
0-1: Foul Ball, location: 5F
0-2: Fly out, F8 (Flyball, 8LD, EV 81.9 MPH)
Batting: RHB Alfredo Nannini 0-0: SINGLE (Line Drive, 9S, EV 108.8 MPH)
Batting: RHB Yaichiro Ito 0-0: Fielders Choice at 2nd, 5-4 (Groundball, 56, EV 100.6 MPH)
Top of the 3rd over - 0 runs, 1 hit, 0 errors, 1 left on base; Redwood 0 - Harlem 1
BOTTOM OF THE 3RD
Harlem Hellions batting - Pitching for Redwood Pioneers : LHP Ronnie Drake
Batting: LHB Simon Woods 0-0: Ball
1-0: SINGLE (Line Drive, 9S, EV 110.6 MPH)
Batting: RHB Kyle García 0-0: Ball
1-0: Called Strike
1-1: Called Strike
1-2: Foul Ball, location: 9LSF
1-2: Foul Ball, location: 25F
1-2: Ball
2-2: Foul Ball, location: 23FF
2-2: Ball
3-2: Foul Ball, location: 9LSF
3-2: SINGLE (Line Drive, 9LS, EV 84.4 MPH)
Simon Woods to second
Batting: LHB Cliff Lambert 0-0: Swinging Strike
0-1: Called Strike
0-2: Ball
1-2: Ball
2-2: Strikes out swinging
Batting: RHB Alberto MacKnight 0-0: Called Strike
0-1: SINGLE (Groundball, 34D, EV 101.9 MPH)
Simon Woods to third
Kyle García to second
Batting: RHB Tim Collins 0-0: Called Strike
0-1: Foul Ball, location: 2F
0-2: Strikes out swinging
Batting: RHB Jason Cole 0-0: Called Strike
0-1: Ball
1-1: Called Strike
1-2: Ball
2-2: Ball
3-2: Foul Ball, location: 2F
3-2: Foul Ball, location: 9LMF
3-2: Ground out 6-3 (Groundball, 6, EV 90.6 MPH)
Bottom of the 3rd over - 0 runs, 3 hits, 0 errors, 3 left on base; Redwood 0 - Harlem 1
TOP OF THE 4TH
Redwood Pioneers batting - Pitching for Harlem Hellions : RHP Morgan Rebholz
Batting: LHB Tomás Bernal 0-0: Ball
1-0: Called Strike
1-1: SINGLE (Groundball, 6MD, EV 110.6 MPH) (infield hit)
Batting: RHB José Moya 0-0: Called Strike
0-1: Called Strike
Tomás Bernal steals 2nd base
0-2: Foul Ball, location: 2F
0-2: Foul Ball, location: 2F
0-2: Fly out, F9 (Flyball, 89M, EV 74.4 MPH)
Batting: LHB Howard York 0-0: Called Strike
0-1: Ball
1-1: Foul Ball, location: 2F
1-2: Fly out, F8 (Flyball, 8LM, EV 83.1 MPH)
Batting: RHB Joe Givens 0-0: Ground out 4-3 (Groundball, 4, EV 96.9 MPH)
Top of the 4th over - 0 runs, 1 hit, 0 errors, 1 left on base; Redwood 0 - Harlem 1
BOTTOM OF THE 4TH
Harlem Hellions batting - Pitching for Redwood Pioneers : LHP Ronnie Drake
Batting: RHB Morgan Rebholz 0-0: Foul Ball, location: 5F
0-1: Ball
1-1: Ground out 6-3 (Groundball, 6, EV 96.9 MPH)
Batting: RHB Boyd Wallace 0-0: Ball
1-0: Swinging Strike
1-1: Foul Ball, location: 23FF
1-2: Ball
2-2: Strikes out swinging
Batting: SHB Mark Scott 0-0: Foul Ball, location: 2F
0-1: Swinging Strike
0-2: Ball
1-2: Strikes out swinging
Bottom of the 4th over - 0 runs, 0 hits, 0 errors, 0 left on base; Redwood 0 - Harlem 1
TOP OF THE 5TH
Redwood Pioneers batting - Pitching for Harlem Hellions : RHP Morgan Rebholz
Batting: RHB Elliott Maddox 0-0: Ground out 5-3 (Groundball, 5, EV 90.6 MPH)
Batting: RHB Haywood Andrews 0-0: Ball
1-0: Called Strike
1-1: Ball
2-1: Ground out 6-3 (Groundball, 6, EV 89.4 MPH)
Batting: LHB Ronnie Drake 0-0: Ball
1-0: Ball
2-0: Called Strike
2-1: Foul Ball, location: 2F
2-2: Foul Ball, location: 2F
2-2: Foul Ball, location: 5F
2-2: Strikes out swinging
Top of the 5th over - 0 runs, 0 hits, 0 errors, 0 left on base; Redwood 0 - Harlem 1
BOTTOM OF THE 5TH
Harlem Hellions batting - Pitching for Redwood Pioneers : LHP Ronnie Drake
Batting: LHB Simon Woods 0-0: Called Strike
0-1: Fly out, F8 (Flyball, 8RD, EV 92.5 MPH)
Batting: RHB Kyle García 0-0: Called Strike
0-1: Swinging Strike
0-2: Foul Ball, location: 5SF
0-2: Ball
1-2: SINGLE (Groundball, 6M, EV 101.3 MPH)
Batting: LHB Cliff Lambert 0-0: Ball
1-0: Ball
2-0: Called Strike
2-1: Fly out, F8 (Flyball, 8RM, EV 79.4 MPH)
Batting: RHB Alberto MacKnight 0-0: Ball
1-0: Called Strike
1-1: Foul Ball, location: 3F
1-2: Foul Ball, location: 7LDF
1-2: Strikes out swinging
Bottom of the 5th over - 0 runs, 1 hit, 0 errors, 1 left on base; Redwood 0 - Harlem 1
TOP OF THE 6TH
Redwood Pioneers batting - Pitching for Harlem Hellions : RHP Morgan Rebholz
Batting: RHB Alfredo Nannini 0-0: Ground out 5-3 (Groundball, 56, EV 88.1 MPH)
Batting: RHB Yaichiro Ito 0-0: Ball
1-0: Foul Ball, location: 2F
1-1: Ball
2-1: Ball
3-1: Base on Balls
Batting: LHB Tomás Bernal 0-0: Foul Ball, location: 2F
0-1: Fielders Choice at 2nd, 4-6 (Groundball, 34, EV 89.4 MPH)
Batting: RHB José Moya 0-0: Called Strike
Tomás Bernal is caught stealing 2nd base 2-4
Top of the 6th over - 0 runs, 0 hits, 0 errors, 0 left on base; Redwood 0 - Harlem 1
BOTTOM OF THE 6TH
Harlem Hellions batting - Pitching for Redwood Pioneers : LHP Ronnie Drake
Batting: RHB Tim Collins 0-0: Ball
1-0: Called Strike
1-1: Foul Ball, location: 2F
1-2: Strikes out swinging
Batting: RHB Jason Cole 0-0: Ball
1-0: Called Strike
1-1: Foul Ball, location: 23F
1-2: Ball
2-2: SINGLE (Line Drive, 56, EV 102.5 MPH)
Batting: RHB Morgan Rebholz 0-0: Bunted foul
0-1: Sac Bunt to 3S - play at first, batter OUT! 3-4
Jason Cole to second
Pitching: RHP Alberto Gonzáles
Batting: RHB Boyd Wallace 0-0: Reached on error, E6 (Groundball, 6S, EV 86.9 MPH)
Jason Cole scores
Batting: SHB Mark Scott 0-0: Ball
1-0: Reached on error, E1 (Groundball, 13S, EV 62.5 MPH)
Boyd Wallace to third
Batting: LHB Simon Woods 0-0: Called Strike
0-1: Swinging Strike
0-2: Foul Ball, location: 2F
0-2: Strikes out swinging
Bottom of the 6th over - 1 run, 1 hit, 2 errors, 2 left on base; Redwood 0 - Harlem 2
TOP OF THE 7TH
Redwood Pioneers batting - Pitching for Harlem Hellions : RHP Morgan Rebholz
Batting: RHB José Moya 0-0: Called Strike
0-1: Foul Ball, location: 5SF
0-2: Foul Ball, location: 2RF
0-2: Fly out, F9 (Flyball, 89XD, EV 102.5 MPH)
Batting: LHB Howard York 0-0: Called Strike
0-1: Ball
1-1: Ground out 4-3 (Groundball, 4, EV 108.1 MPH)
Batting: RHB Joe Givens 0-0: Foul Ball, location: 3FF
0-1: Ground out U3 (Groundball, 3S, EV 88.8 MPH)
Top of the 7th over - 0 runs, 0 hits, 0 errors, 0 left on base; Redwood 0 - Harlem 2
BOTTOM OF THE 7TH
Harlem Hellions batting - Pitching for Redwood Pioneers : RHP Alberto Gonzáles
Batting: RHB Kyle García 0-0: Foul Ball, location: 2F
0-1: Ball
1-1: Ball
2-1: Ball
3-1: Ground out 6-3 (Groundball, 6, EV 84.4 MPH)
Batting: LHB Cliff Lambert 0-0: Ball
1-0: Swinging Strike
1-1: Called Strike
1-2: Ball
2-2: Foul Ball, location: 3F
2-2: Ball
3-2: Foul Ball, location: 2F
3-2: DOUBLE (Flyball, 8LXD, EV 110.0 MPH)
Batting: RHB Alberto MacKnight 0-0: Ball
1-0: Ball
2-0: Ball
3-0: Called Strike
3-1: Called Strike
3-2: Base on Balls
Batting: RHB Tim Collins 0-0: Swinging Strike
0-1: Called Strike
0-2: Strikes out looking
Batting: RHB Jason Cole 0-0: Ball
1-0: Foul Ball, location: 9LDF
1-1: Swinging Strike
1-2: Fly out, F9 (Line Drive, 9, EV 84.4 MPH)
Bottom of the 7th over - 0 runs, 1 hit, 0 errors, 2 left on base; Redwood 0 - Harlem 2
TOP OF THE 8TH
Redwood Pioneers batting - Pitching for Harlem Hellions : RHP Morgan Rebholz
Pinch Hitting: LHB Danny Meehan 0-0: Ball
1-0: Ball
2-0: Foul Ball, location: 25F
2-1: Ball
3-1: Foul Ball, location: 2F
3-2: SOLO HOME RUN (Flyball, 9D, EV 101.3 MPH), Distance : 393 ft
Pinch Hitting: LHB Bobby Murcer 0-0: Ball
1-0: Foul Ball, location: 23FF
1-1: Swinging Strike
1-2: Ball
2-2: Strikes out swinging, 2-3 out at first.
Pinch Hitting: RHB Al Lung 0-0: Foul Ball, location: 3F
0-1: Ball
1-1: Foul Ball, location: 2F
1-2: Strikes out swinging
Batting: RHB Alfredo Nannini 0-0: Called Strike
0-1: Called Strike
0-2: Fly out, F3 (Line Drive, 34, EV 94.4 MPH)
Top of the 8th over - 1 run, 1 hit, 0 errors, 0 left on base; Redwood 1 - Harlem 2
BOTTOM OF THE 8TH
Harlem Hellions batting - Pitching for Redwood Pioneers : RHP Alberto Gonzáles
Pitching: RHP Ernest Tate
Now at 3B: Yaichiro Ito
Now at SS: Bobby Murcer
Now in CF: Ian Gregory
Pinch Hitting: RHB Cesar Tovar 0-0: Swinging Strike
0-1: Ball
1-1: Called Strike
1-2: Ball
2-2: Foul Ball, location: 25F
2-2: Foul Ball, location: 3FF
2-2: Ball
3-2: SINGLE (Groundball, 34D, EV 106.9 MPH)
Batting: RHB Boyd Wallace 0-0: Bunt - Flyout to 13S! F1
Batting: SHB Mark Scott 0-0: Ball
1-0: Ball
2-0: Foul Ball, location: 2F
2-1: Fly out, F7 (Flyball, 78M, EV 89.4 MPH)
Batting: LHB Simon Woods 0-0: Ball
1-0: Called Strike
1-1: Called Strike
1-2: Foul Ball, location: 2RF
1-2: Ball
2-2: Ball
3-2: Base on Balls
Cesar Tovar to second
Batting: RHB Kyle García 0-0: Foul Ball, location: 2F
0-1: Ball
1-1: Called Strike
1-2: Ball
2-2: Strikes out swinging
Bottom of the 8th over - 0 runs, 1 hit, 0 errors, 2 left on base; Redwood 1 - Harlem 2
TOP OF THE 9TH
Redwood Pioneers batting - Pitching for Harlem Hellions : RHP Morgan Rebholz
Pitching: RHP Jerry Hinsley
Now in LF: Cesar Tovar
Now in RF: Mark Scott
Batting: RHB Yaichiro Ito 0-0: Ball
1-0: Ball
2-0: Ball
3-0: Ground out 1-3 (Groundball, 15S, EV 68.1 MPH)
Batting: LHB Tomás Bernal 0-0: Called Strike
0-1: Ball
1-1: Ball
2-1: Ball
3-1: Ground out 6-3 (Groundball, 56, EV 80.0 MPH)
Batting: RHB José Moya 0-0: Swinging Strike
0-1: Foul Ball, location: 2F
0-2: Foul Ball, location: 5FF
0-2: Strikes out swinging
Top of the 9th over - 0 runs, 0 hits, 0 errors, 0 left on base; Redwood 1 - Harlem 2
Thursday, March 28th , 2024 - OOTP Baseball 24.8 Build 75